Map: 机械城 - 天梯版

Players

Kelazhur - Winner!

  • Race: Terran Terran

ShahriarDeMi

  • Race: Terran Terran
  • League: Diamond

Event: WESG 2018 Grand Finals

VOD

Have the link to the VOD?

Description

Time

  • Played on: March 12, 2019, 12:38 a.m.
  • Length: 4:11

All games in this series

Show
View Real Time Build Order
Export as new Build Order

Kelazhur Terran - Winner!

Build Orders: 1/1/1, Liberator Opening 

Get SALT Encoding   

  12  0:00  SCV  
  13  0:13  SCV  
  14  0:18  Supply Depot  
  14  0:25  SCV  
  15  0:29  Refinery  
  15  0:39  SCV  
  16  0:45  Barracks  
  16  0:51  SCV  
  16  0:56  Refinery  
  17  1:03  SCV  
  18  1:16  SCV  
  19  1:32  Orbital Command  
  19  1:33  Factory  
  19  1:36  Reaper  
  20  1:49  Supply Depot  
  20  1:57  SCV  
  21  2:08  Reaper  
  21  2:10  SCV  
  23  2:17  Starport, Hellion  
  23  2:22  SCV  
  26  2:29  Supply Depot  
  26  2:34  SCV  
  27  2:40  Liberator  
  27  2:41  Hellion, Reaper  
  30  2:46  SCV  
  31  2:58  SCV  
  35  3:05  Supply Depot  
  37  3:09  Factory Tech Lab  
  35  3:24  SCV  
  33  3:35  Cyclone  
  33  3:36  SCV  
  33  3:37  Command Center  
  37  3:48  SCV  
  37  4:01  Barracks Reactor, Starport Tech Lab  
Show
View Real Time Build Order
Export as new Build Order

ShahriarDeMi Terran 

Build Orders: 1/1/1 

Get SALT Encoding   

  12  0:00  SCV  
  13  0:12  SCV  
  14  0:17  Supply Depot  
  14  0:24  SCV  
  15  0:30  Refinery  
  15  0:39  SCV  
  16  0:46  Barracks  
  16  0:51  SCV  
  17  1:03  SCV  
  18  1:04  Refinery  
  18  1:15  SCV  
  20  1:33  Reaper  
  20  1:34  Orbital Command  
  20  1:41  Factory  
  20  1:44  Supply Depot  
  20  2:00  SCV  
  21  2:05  Reaper  
  22  2:12  SCV  
  23  2:24  SCV  
  23  2:25  Starport  
  23  2:26  Hellion  
  23  2:29  Supply Depot  
  26  2:36  SCV  
  27  2:45  Barracks Reactor  
  27  2:54  SCV  
  27  2:56  Widow Mine  
  29  3:03  Command Center  
  29  3:13  Starport Tech Lab  
  29  3:17  Hellion  
  30  3:28  SCV  
  30  3:29  Marine x2  
  30  3:40  SCV  
  33  3:42  Hellion  
  29  3:58  SCV  
Tags
 
Add a new tag
Caveats
  • Supply blocks, unpowered buildings, or Contaminate may cause inaccurate times.
  • Supply counts are checked every 10 seconds.